 Dungeon Crawl Stone Soup version 0.28.0-1-gb440e238dd (webtiles) character file.

Game seed: 18202759903438022898

186 mcwallace the Skirmisher (level 5, -1/42 HPs)
             Began as a Vine Stalker Fighter on Feb 20, 2022.
             Succumbed to a scorpion's poison
             ... on level 4 of the Dungeon.
             The game lasted 00:04:11 (3376 turns).

mcwallace the Skirmisher (Vine Stalker Fighter)     Turns: 3376, Time: 00:04:11

Health: -1/42      AC: 22    Str: 20    XL:     5   Next: 65%
Magic:  2/8        EV:  2    Int:  8    God:
Gold:   88         SH:  5    Dex: 14    Spells: 7/7 levels left

rFire   . . .      SeeInvis .   a - +0 rapier {short}
rCold   . . .      Faith    .   c - +0 buckler
rNeg    . . .      Spirit   +   (armour currently unavailable)
rPois   +          Reflect  .   (helmet currently unavailable)
rElec   .          Harm     .   (cloak currently unavailable)
rCorr   .          Rampage  .   (gloves currently unavailable)
Will    .....      NoTele   +   (boots currently unavailable)
Stlth   ++........              (no amulet)
HPRegen 0.94/turn               (no ring)
MPRegen 0.11/turn               (no ring)

@: lethally poisoned (-1 -> -4), tree-form
A: stationary, stasis, torment immunity, boosted hp, (fangs 2), regeneration 1,
magic shield, (antimagic bite), no potion heal 2
a: no special abilities


You were on level 4 of the Dungeon.
You were a tree.
You visited 1 branch of the dungeon, and saw 4 of its levels.

You collected 88 gold pieces.


Innate Abilities, Weirdness & Mutations

You are a tree.
Your roots penetrate the ground, keeping you stationary.
You cannot be teleported.
You are immune to unholy pain and torment.
Your maximum health is greatly increased.
Your equipment is partially melded.
((You have extremely sharp teeth.))
Your natural rate of healing is unusually fast.
When hurt, damage is shared between your health and your magic reserves.
((Your bite disrupts and absorbs the magic of your enemies.))
Potions cannot restore your health.


   Skills:
 + Level 3.3 Fighting
 + Level 2.6 Short Blades
 + Level 3.0 Armour
 + Level 2.4 Stealth
 + Level 3.3 Shields
 + Level 1.9 Spellcasting


You had 7 spell levels left.
You didn't know any spells.
Your spell library was empty.

Inventory:

Hand Weapons
 a - a +0 rapier (weapon) {short}
Missiles
 e - 30 bolts
 j - 145 stones (quivered) {throwing}
 n - 18 sling bullets
 o - 50 arrows
Armour
 b - a +0 scale mail (melded)
 c - a +0 buckler (worn)
 r - a +0 helmet (melded)
   (You found it on level 3 of the Dungeon)
 s - a +2 helmet of intelligence
   (You found it on level 3 of the Dungeon)
Scrolls
 f - 3 scrolls of identify {unknown}
 g - 2 scrolls of vulnerability {unknown}
 h - a scroll of silence {unknown}
 l - a scroll of fog {unknown}
 m - 2 scrolls of teleportation {unknown}
 p - a scroll of enchant armour {unknown}
 q - a scroll of enchant weapon {unknown}
Potions
 d - a potion of might
 i - a potion of magic {unknown}
 k - 3 potions of lignification {!q}

Dungeon Overview and Level Annotations

Branches:
Dungeon (4/15)
 Temple: D:4-7

Altars:

Shops:
D:1 [   D:2 [

Annotations:
D:3 Sigmund

######...# #........#
#........# #........# #
#........# #..
#........# #...#
#........##
#.....###########'####..
#...sā™£......###.......
..?...##...............#
##### #.........[.....#
#...............#
#...............#
#...............#
#...............#
#...............#
#...............#


You could see a scorpion.


Message History

šŸ˜• HP[+2]
You regained 2 hp, and now have 25/28 hp.
You see here an adder corpse.
You now have 88 gold pieces (gained 5).
j - 145 stones {throwing} (gained 18)
You open the door.
There is an open door here.
A scorpion comes into view. šŸ˜Ž HP[+3] MP[+1]
Your hp is fully restored (28).
Your mp is fully restored (8).
You block the scorpion's attack.
You hit the scorpion but do no damage. Your bite misses the scorpion.
The scorpion barely misses you.
You barely miss the scorpion. The scorpion barely misses you.
You hit the scorpion but do no damage. The scorpion closely misses you.
You completely miss the scorpion. Your bite misses the scorpion.
The scorpion stings you. x2 šŸ˜• HP[-6] MP[-2]
You take 6 damage, and now have 22/28 hp.
MASSIVE DAMAGE!! (PAUSE)
You lost 2 mp, and now have 6/8 mp.
You closely miss the scorpion. The scorpion barely misses you.
You hit the scorpion but do no damage.
The scorpion stings you! šŸ˜® HP[-6] MP[-1]
You take 6 damage, and now have 16/28 hp.
MASSIVE DAMAGE!! (PAUSE)
You lost 1 mp, and now have 5/8 mp.
You barely miss the scorpion. Your bite misses the scorpion.
The scorpion stings you but does no damage. šŸ˜® HP[+1]
You hit the scorpion but do no damage. Your bite misses the scorpion.
The scorpion stings you.
* * * LOW HITPOINT WARNING * * *
The scorpion stings you but does no damage. šŸ˜Ø HP[-3] MP[-1]
You take 3 damage, and now have 14/28 hp.
You lost 1 mp, and now have 4/8 mp.
You hit the scorpion but do no damage. Your bite misses the scorpion.
The scorpion closely misses you. šŸ˜® HP[+1]
You hit the scorpion.
The scorpion barely misses you. šŸ˜® HP[+1]
You hit the scorpion but do no damage.
You block the scorpion's attack. šŸ˜® HP[+1]
You closely miss the scorpion. You bite the scorpion. You drain its power.
You feel invigorated. The scorpion closely misses you.
The scorpion stings you. šŸ˜® HP[-2] MP[+1]
You take 2 damage, and now have 15/28 hp.
You hit the scorpion but do no damage.
The scorpion stings you but does no damage. šŸ˜® HP[+1]
You hit the scorpion but do no damage.
You bite the scorpion, but do no damage.
The scorpion stings you but does no damage. x2 šŸ˜® HP[+1]
You hit the scorpion.
The scorpion closely misses you. šŸ˜® HP[+1]
You hit the scorpion. The scorpion stings you.
You are poisoned.
The scorpion poisons you! šŸ˜® HP[-3] MP[-1]
You take 3 damage, and now have 15/28 hp.
You lost 1 mp, and now have 4/8 mp.
You hit the scorpion.
You feel sick. The scorpion barely misses you.
The scorpion stings you but does no damage. šŸ˜Ø HP[-1]
You take 1 damage, and now have 14/28 hp.
You hit the scorpion.
You bite the scorpion, but do no damage.
You feel sick. The scorpion stings you.
* * * LOW HITPOINT WARNING * * *
You are lethally poisoned!
The scorpion poisons you! šŸ˜Ø HP[-5] MP[-2]
You take 5 damage, and now have 9/28 hp.
You lost 2 mp, and now have 2/8 mp.
You hit the scorpion but do no damage. Your bite misses the scorpion.
* * * LOW HITPOINT WARNING * * *
You feel very sick.
You block the scorpion's attack. šŸ˜± HP[-4]
You take 4 damage, and now have 5/28 hp.
You barely miss the scorpion.
* * * LOW HITPOINT WARNING * * *
You feel very sick.
The scorpion stings you but does no damage.
The scorpion stings you.
* * * LOW HITPOINT WARNING * * *
šŸ˜± HP[-4]
You take 4 damage, and now have 1/28 hp.
It was a potion of lignification.
You turn into a tree.
Your +0 helmet melds into your body.
Your +0 scale mail melds into your body.
Your roots penetrate the ground.
* * * LOW HITPOINT WARNING * * *
You feel sick.
The scorpion stings you but does no damage.
You now have 42 max hp (+14).
You hit the scorpion but do no damage.
You die...

Skill      XL: |  1  2  3  4  5 |
---------------+----------------+-----
Short Blades   | 2 |  2.6
Stealth        | 1 2 |  2.4
Shields        | 3 |  3.3
Spellcasting   | 1 |  1.9
Fighting       | 3 |  3.3
Armour         | 3 |  3.0

Action                   |  1- 3 |  4- 6 || total
-------------------------+-------+-------++-------
Melee: Rapier            |    92 |   102 ||   194
       Bite              |    18 |    18 ||    36
  Use: Potion            |       |     1 ||     1
Armor: Scale mail        |    30 |    44 ||    74
       Skin              |       |     1 ||     1
Dodge: Dodged            |    44 |    36 ||    80
Block: Buckler           |    10 |    27 ||    37

Levels and vault maps discovered:
D:1:      lemuel_arrival_funnel, layout_loops_ring, serial_shops,
          nicolae_shop_statue_plus,
          dreamdust_ecumenical_altar_hidden_monk_grotto, serial_park_tiny_1
D:2:      layout_loops_ring, serial_shops, nicolae_shop_crystal,
          minmay_misc_feat_hallway, minmay_hexomino_f4
D:3:      layout_basic, st_stairs_3, grunt_decor_one_mirror, skrybe_limestone_x,
          uniq_sigmund, uniq_robin, uniq_terence
D:4:      minmay_door_path, layout_basic, serial_aquarium,
          aquarium_bridge_long_joined [aquarium_subvault_window,
          aquarium_subvault_wall, aquarium_subvault_bridge,
          aquarium_subvault_balcony, aquarium_subvault_bridge,
          aquarium_subvault_bridge], aquarium_window_2, aquarium_window_fake,
          aquarium_view_4, uniq_pikel

Notes
Turn   | Place    | Note
-------+----------+-------------------------------------------
     0 | D:1      | mcwallace the Vine Stalker Fighter began the quest for the
                  | Orb.
     0 | D:1      | Reached XP level 1. HP: 11/11 MP: 2/2
     0 | D:1      | magus.rc [v1.9.6]
    43 | D:1      | HP: 1/11 [goblin (2)]
   674 | D:1      | Reached XP level 2. HP: 9/16 MP: 1/3
   887 | D:1      | Found Isodd's Antique Armour Boutique.
  1064 | D:1      | Reached skill level 2 in Short Blades
  1121 | D:1      | Found a faded altar of an unknown god.
  1315 | D:2      | Reached skill level 1 in Stealth
  1315 | D:2      | Reached XP level 3. HP: 9/19 MP: 1/5
  1525 | D:2      | Found Tiuwuny's Antique Armour Boutique.
  1627 | D:2      | Reached skill level 3 in Shields
  1629 | D:2      | HP: 4/19 [poisoned by an adder]
  1874 | D:2      | Reached skill level 1 in Spellcasting
  2136 | D:2      | Reached skill level 3 in Fighting
  2779 | D:3      | Gained mutation: Your natural rate of healing is unusually
                  | fast. [Vine Stalker growth]
  2779 | D:3      | Reached XP level 4. HP: 24/24 MP: 6/6
  2968 | D:3      | Noticed Terence
  3002 | D:3      | Killed Terence
  3003 | D:3      | Reached skill level 2 in Stealth
  3210 | D:3      | Noticed Sigmund
  3222 | D:4      | Noticed an ogre
  3228 | D:4      | Killed an ogre
  3229 | D:4      | Reached XP level 5. HP: 15/28 MP: 4/8
  3312 | D:4      | Reached skill level 3 in Armour
  3373 | D:4      | HP: 5/28 [poisoned by a scorpion]
  3374 | D:4      | HP: 2/28 [poisoned by a scorpion]
  3376 | D:4      | Succumbed to a scorpion's poison

Vanquished Creatures
  An ogre (D:4)
  Terence (D:3)
  3 adders
  A dart slug (D:1)
  3 worms (D:2)
  An orc (D:3)
  4 endoplasms
  2 giant cockroaches
  5 goblins
  4 hobgoblins
  4 kobolds
  A quokka (D:3)
  6 ball pythons
  3 bats
  4 frilled lizards
  3 rats
46 creatures vanquished.

Vanquished Creatures (others)
  15 fungi (D:4)
15 creatures vanquished.

Grand Total: 61 creatures vanquished

Table legend:
 A = Non-vault XP
 B = Vault XP
 C = Vault XP percentage of total XP
 D = Non-vault monster count
 E = Vault monster count
 F = Vault count percentage of total count
                 A         B        C        D         E       F
            +---------+---------+-------+---------+---------+-------
      Total |     218 |      48 |  18.0 |      40 |       6 |  13.0
            +---------+---------+-------+---------+---------+-------
        D:1 |      22 |       0 |   0.0 |      12 |       0 |   0.0
        D:2 |      52 |       7 |  11.9 |      16 |       2 |  11.1
        D:3 |      17 |      41 |  70.7 |      10 |       4 |  28.6
        D:4 |     127 |       0 |   0.0 |       2 |       0 |   0.0
            +---------+---------+-------+---------+---------+-------

Illustrated notes

Table legend:
 A = Kills in this place as a percentage of kills in entire the game.
 B = Kills by you in this place as a percentage of kills by you in the entire game.
 C = Kills by friends in this place as a percentage of kills by friends in the entire game.
 D = Other kills in this place as a percentage of other kills in the entire game.
 E = Experience gained in this place as a percentage of experience gained in the entire game.
 F = Experience gained in this place divided by the number of levels of this place that you have seen.
                   A       B       C       D       E      F
               +-------+-------+-------+-------+-------+----------------------
         Total | 100.0 | 100.0 |   N/A |   N/A | 100.0 |  66.5
       Dungeon | 100.0 | 100.0 |   N/A |   N/A | 100.0 |  66.5
               +-------+-------+-------+-------+-------+----------------------

Table legend: (Time is in decaauts)
 A = Elapsed time spent in this place.
 B = Non-inter-level travel time spent in this place.
 C = Inter-level travel time spent in this place.
 D = Time resting spent in this place.
 E = Time spent auto-exploring this place.
 F = Levels seen in this place.
 G = Mean time per level.
                   A        B        C        D        E       F      G
               +--------+--------+--------+--------+--------+-----+--------+
         Total |   3401 |   3367 |     34 |    203 |   2723 |   4 |  850.2 |
       Dungeon |   3401 |   3367 |     34 |    203 |   2723 |   4 |  850.2 |
               +--------+--------+--------+--------+--------+-----+--------+

Top non-repeatable levels by time:
     D:1: 1470 daAuts
     D:2: 1284 daAuts
     D:3: 489 daAuts
     D:4: 157 daAuts
